 Dungeon Crawl Stone Soup version 0.30.1-11-g7821555f0a (webtiles) character file.

Game seed: 4430019860143420937

57 Peloso the Covered (level 3, 0/33 HPs)
             Began as a Minotaur Fighter on Dec 9, 2023.
             Killed from afar by an orc wizard (11 damage)
             ... with a magic dart
             ... on level 2 of the Dungeon.
             The game lasted 00:01:23 (760 turns).

Peloso the Covered (Minotaur Fighter)                Turns: 760, Time: 00:01:24

Health: 0/33       AC:  7    Str: 20    XL:     3   Next: 73%
Magic:  2/2        EV:  9    Int:  5    God:
Gold:   20         SH:  4    Dex: 11    Spells: 2/2 levels left

rFire   . . .        a - +0 long sword
rCold   . . .        c - +0 buckler
rNeg    . . .        b - +0 scale mail
rPois   .            (helmet restricted)
rElec   .            (no cloak)
rCorr   .            (no gloves)
SInv    .            (no boots)
Will    .....        (no amulet) Stlth
                     (no ring)
HPRegen 0.25/turn    (no ring)
MPRegen 0.08/turn

%: no passive effects
@: no status effects
A: horns 2, retaliatory headbutt
a: no special abilities


You were on level 2 of the Dungeon.
You visited 1 branch of the dungeon, and saw 2 of its levels.

You collected 20 gold pieces.

Inventory:

Hand Weapons
 a - a +0 long sword (weapon)
Armour
 b - a +0 scale mail (worn)
 c - a +0 buckler (worn)
Scrolls
 e - a scroll of immolation {unknown}
 g - 3 scrolls of identify {unknown}
Potions
 d - a potion of might
 f - 2 potions of cancellation
 h - a potion of attraction {unknown}


   Skills:
 + Level 4.1 Fighting
 + Level 3.0 Long Blades
 + Level 4.4 Armour
 + Level 4.3 Shields


You had 2 spell levels left.
You didn't know any spells.
Your spell library contained the following spells:

 Spells                   Type           Power      Damage    Failure   Level
 Apportation              Tloc           0%         N/A       87%         1
 Sandblast                Erth           0%         2d4       87%         1
 Passwall                 Tmut/Erth      0%         N/A       95%         2
 Stone Arrow              Conj/Erth      0%         3d7       99%         3
 Alistair's Intoxication  Tmut/Pois      0%         N/A       100%        5


Dungeon Overview and Level Annotations

Branches:
Dungeon (1/15)

Altars:
Nemelex Xobeh

Shops:
D:2 (


Innate Abilities, Weirdness & Mutations

You have a pair of horns on your head.
You reflexively headbutt those who attack you in melee.


Message History

Ouch! That really hurt!
The orc wizard casts a spell.
The orc wizard flickers and vanishes!
Deactivating autopickup; reactivate with Ctrl-A.
You closely miss the orc priest.
The orc priest is heavily wounded.
The orc priest closely misses you.
Unknown command.
You hit the orc priest but do no damage.
You headbutt the orc priest!
You kill the orc priest!
The rat closely misses you.
Your life force feels restored.
Your Fighting skill increases to level 4!
Your Long Blades skill increases to level 3!
You have reached level 3!
Your experience leads to an increase in your attributes!
Increase (S)trength, (I)ntelligence, or (D)exterity?
You feel agile. x2
You barely miss the rat. The rat bites you but does no damage.
Unknown command.
You hit the rat. You headbutt the rat.
You kill the rat!
Unknown command.
You barely miss something. Something hits you but does no damage.
You barely miss something. Something hits you.
You hear some strange, mumbled words.
A magic dart appears from out of thin air!
The magic dart hits you.
You miss something. Something hits you but does no damage.
You barely miss something. Your headbutt misses something. Something hits you.
You closely miss something. Your headbutt misses something.
Something hits you but does no damage.
You closely miss something. Something hits you.
Something hits you but does no damage.
You completely miss something.
You hear some strange, mumbled words.
A magic dart appears from out of thin air!
The magic dart hits you!
You die...

####.###.....# .#
.......#.....###(#
#...>..##........#####
#. #.#.##..#..........
##.##....†..#)###.#.##.
....##.#####.# #.##
#.#.##.# #.# ....
#.#.##.# #)##..#..#
#......# #.@{......
##...### ####..##.. ###
#...# .... ..# #...#
.... #.###...##### _..
#...........### ..
.....†......... .
#...........###
#.###...#####


There were no monsters in sight!

Vanquished Creatures
  An orc priest (D:2)
  2 orcs (D:2)
  An endoplasm (D:1)
  3 giant cockroaches
  A hobgoblin (D:1)
  5 jackals
  2 kobolds
  2 frilled lizards
  3 goblins
  4 rats
24 creatures vanquished.

Notes
Turn   | Place    | Note
-------+----------+-------------------------------------------
     0 | D:1      | Peloso the Minotaur Fighter began the quest for the Orb.
     0 | D:1      | Reached XP level 1. HP: 19/19 MP: 0/0
   363 | D:1      | Reached XP level 2. HP: 25/27 MP: 1/1
   623 | D:1      | You fall into a shaft and drop 1 floor!
   639 | D:2      | Found Ybbehe's Antique Weapon Shop.
   745 | D:2      | Found a sparkling altar of Nemelex Xobeh.
   752 | D:2      | Reached XP level 3. HP: 15/33 MP: 2/2
   760 | D:2      | Killed from afar by an orc wizard

Illustrated notes

Levels and vault maps discovered:
D:1:      dpeg_chamrin_arrival_tetris, layout_basic, grunt_decor_arrowhead
D:2:      layout_loops_cross, serial_shops, shop, basic_altar, item_on_display_a

Skill      XL: |  1  2 |
---------------+-------+-----
Armour         | 4 |  4.4
Shields        | 4 |  4.3
Fighting       | 4 |  4.1
Long Blades    | 3 |  3.0

Action                     || total
---------------------------++-------
  Melee: Long sword        ||    65
         Headbutt          ||    12
    Use: Potion            ||     2
 Armour: Scale mail        ||    20
  Dodge: Dodged            ||    32
  Block: Buckler           ||    11
